 Dungeon Crawl Stone Soup version 0.28-a0-643-g84cb2ea78e (webtiles) character file.

Game seed: 1535217231061452479

1292 Irenicus the Geomancer (level 8, -2/62 HPs)
             Began as a Deep Dwarf Earth Elementalist on Oct 10, 2021.
             Slain by a gnoll (4 damage)
             ... on level 6 of the Dungeon.
             The game lasted 00:18:33 (2192 turns).

Irenicus the Geomancer (DDEE)                       Turns: 2192, Time: 00:18:34

Health: -2/62      AC:  4    Str: 13    XL:     8   Next: 30%
Magic:  1/14       EV: 16    Int: 17    God:
Gold:   185        SH:  0    Dex: 13    Spells: 12/15 levels left

rFire   . . .      SeeInvis .   e - +1 dagger (venom)
rCold   . . .      Faith    .   (no shield)
rNeg    . . .      Spirit   .   i - +0 leather armour
rPois   .          Reflect  .   (no helmet)
rElec   .          Harm     .   s - +0 cloak
rCorr   +          Rampage  .   (no gloves)
Will    +....                   (no boots)
Stlth   ++........              (no amulet)
HPRegen 0.00/turn               E - +4 ring of evasion
MPRegen 0.14/turn               R - ring of resist corrosion

@: no status effects
A: damage resistance, heal wounds, sense surroundings 1, no regeneration
a: Heal Wounds


You were on level 6 of the Dungeon.
You visited 1 branch of the dungeon, and saw 6 of its levels.

You collected 247 gold pieces.
You spent 62 gold pieces at shops.


Innate Abilities, Weirdness & Mutations

You are resistant to damage.
You can heal yourself by infusing magical energy.
You passively map a small area around you.
You do not regenerate.


   Skills:
 - Level 2.1 Dodging
 - Level 2.4 Stealth
 + Level 4.2 Spellcasting
 - Level 0.8 Transmutations
 + Level 12.2 Earth Magic


You had 12 spell levels left.
You knew the following spells:

 Your Spells              Type           Power      Damage    Failure   Level
w - Passwall              Tmut/Erth      20%        N/A       1%          2
z - Sandblast             Erth           90%        2d19      1%          1

Your spell library contained the following spells:

 Spells                   Type           Power      Damage    Failure   Level
 Stone Arrow              Conj/Erth      48%        3d10      4%          3
 Petrify                  Tmut/Erth      25%        N/A       13%         4
 Slow                     Hex            3%         N/A       30%         2
 Confusing Touch          Hex            3%         N/A       52%         3
 Vampiric Draining        Necr           1%         2d6       52%         3
 Borgnjor's Revivificati  Necr           1%         N/A       100%        8
 Necromutation            Tmut/Necr      2%         N/A       100%        8
 Death's Door             Necr           1%         N/A       100%        9

Inventory:

Hand Weapons
 e - a +1 dagger of venom (weapon)
Missiles
 c - 54 stones
 f - 17 poisoned darts
 u - 5 curare-tipped darts {=f}
Armour
 i - a +0 leather armour (worn)
 s - a +0 cloak (worn)
Magical Staves
 k - a staff of poison {!a}
 t - a staff of fire {!a}
Jewellery
 b - an amulet of faith {!P}
 C - a ring of ice
 E - a +4 ring of evasion (left hand)
 R - a ring of resist corrosion (right hand)
Wands
 n - a wand of charming (15)
Scrolls
 g - a scroll of magic mapping
 j - a scroll of enchant weapon {unknown}
 l - a scroll of torment {unknown}
 o - a scroll of teleportation {unknown}
 r - a scroll of enchant armour {unknown}
Potions
 a - a potion of heal wounds {@q2}
 d - a potion of cancellation
 h - a potion of brilliance
 p - 2 potions of curing {@q1}
 q - 2 potions of resistance

Dungeon Overview and Level Annotations

Branches:
Dungeon (6/15)
 Temple: D:4-7

Altars:
Hepliaklqana
Okawaru
Qazlal
Ru
Trog
Xom
Zin

Shops:
D:2 (

Annotations:
D:3 3 runed translucent doors, bmj180's ghost, amateur HOFi; jujucrawl's ghost, weakling DgFE
D:4 3 runed translucent doors, funkygono's ghost, weakling GrFE

############
#..........#
#..........#
#......#####**
#.....##.g@# ,
#
###....##..░gZ░
,*
#####......#⚑░
g░g.░ ,
##.)..#....#*
░. ░..░ , >
...####.....#
.. ░..# .###
####.##### ###
, ...# #.# * ,
##)######*.# ,,
* , ........##.
* * ** ,


You could see a gnoll shaman, 3 gnolls and a centaur skeleton.


Message History

Casting: Sandblast (safe; 1% risk of failure)
Confirm with . or Enter, or press ? or * to list all spells.
Aiming: Sandblast (safe; 1% risk of failure)
Press: ? - help, Shift-Dir - straight line, f/p - gnoll
Aim: a gnoll, wielding a +0 halberd (heavily wounded, 85% to hit)
The blast of sand hits the centaur skeleton.
The centaur skeleton is lightly damaged.
The centaur skeleton hits you but does no damage.
The centaur skeleton kicks you but does no damage.
The gnoll barely misses you. The gnoll shaman closely misses you.
The gnoll hits you with a +0 club.
The gnoll hits you from afar with a +0 spear!
* * * LOW HITPOINT WARNING * * *
Casting: Sandblast (safe; 1% risk of failure)
Confirm with . or Enter, or press ? or * to list all spells.
Aiming: Sandblast (safe; 1% risk of failure)
Press: ? - help, Shift-Dir - straight line, f/p - gnoll
Aim: a gnoll, wielding a +0 halberd (heavily wounded, 85% to hit)
The blast of sand hits the centaur skeleton!
The centaur skeleton is heavily damaged.
The centaur skeleton closely misses you.
The centaur skeleton misses you.
The gnoll shaman calls upon its god to speed up the gnoll.
The gnoll seems to speed up.
The gnoll hits you from afar with a +0 halberd!
* * * LOW HITPOINT WARNING * * *
The gnoll hits you with a +0 club.
* * * LOW HITPOINT WARNING * * *
The gnoll hits you from afar with a +0 spear.
You die...

Skill      XL: |  1  2  3  4  5  6  7  8 |
---------------+-------------------------+-----
Earth Magic    | 5 6 7 9 10 11 12 | 12.2
Spellcasting   | 3 4 |  4.2
Dodging        | |  2.1
Stealth        | |  2.4
Transmutations | |  0.8

Action                   |  1- 3 |  4- 6 |  7- 9 || total
-------------------------+-------+-------+-------++-------
Melee: Unarmed           |    11 |       |       ||    11
       Club              |     2 |       |       ||     2
       Dagger            |    13 |     6 |    13 ||    32
 Cast: Sandblast         |    47 |    54 |    37 ||   138
       Passwall          |     6 |     8 |     6 ||    20
  Use: Scroll            |       |     2 |     7 ||     9
       Potion            |       |       |     1 ||     1
 Stab: Sleeping          |     2 |     3 |     1 ||     6
Armor: Robe              |     7 |       |       ||     7
       Leather armour    |     5 |     1 |     5 ||    11
Dodge: Dodged            |    28 |     8 |    29 ||    65

Levels and vault maps discovered:
D:1:      sevenhm_arrival_forest_fort_large_2, layout_basic, serial_curves,
          eino_curves_02, eino_curves_04, eino_curves_04, eino_curves_01
D:2:      layout_rooms, serial_shops, nicolae_shop_stone, grunt_ministairs_12,
          minmay_pentomino_o2
D:3:      layout_basic, mainiacjoe_overflow_six_doors_small,
          beargit_hepliaklqana_dungeon_heroes,
          dilly_ecumenical_altar_fadedgnrine, gammafunk_ghost_cemetery,
          minmay_misc_feat_iff
D:4:      layout_basic, amcnicky_altar_gilded,
          mainiacjoe_overflow_large_starburst, gammafunk_ghost_necromancy
D:5:      layout_rooms, nicolae_ru_the_path_less_chosen
D:6:      layout_rooms, marbit_many_paths, minmay_temple_entry_sparse_star,
          portal_sewer_entry_a

Notes
Turn   | Place    | Note
-------+----------+-------------------------------------------
     0 | D:1      | Irenicus the Deep Dwarf Earth Elementalist began the quest
                  | for the Orb.
     0 | D:1      | Reached XP level 1. HP: 15/15 MP: 3/3
   144 | D:1      | Reached XP level 2. HP: 22/22 MP: 0/4
   225 | D:1      | Reached skill level 5 in Earth Magic
   284 | D:1      | Learned a level 2 spell: Passwall
   409 | D:2      | Found Biwnaom's Weapon Shoppe.
   460 | D:2      | Reached XP level 3. HP: 28/28 MP: 3/5
   559 | D:2      | Reached skill level 6 in Earth Magic
   640 | D:2      | Bought 19 stones for 22 gold pieces
   640 | D:2      | Bought 34 stones for 40 gold pieces
   893 | D:3      | Reached XP level 4. HP: 36/36 MP: 3/6
  1015 | D:3      | Reached skill level 7 in Earth Magic
  1058 | D:3      | Found a hazy altar of Hepliaklqana.
  1058 | D:3      | Found a faded altar of an unknown god.
  1060 | D:3      | Noticed a kobold brigand
  1072 | D:3      | Killed a kobold brigand
  1073 | D:3      | Reached XP level 5. HP: 37/42 MP: 0/7
  1084 | D:3      | Found a shimmering altar of Xom.
  1110 | D:3      | Found a runed translucent gate.
  1110 | D:3      | Found a runed translucent gate.
  1110 | D:3      | Found a runed translucent gate.
  1110 | D:3      | Noticed jujucrawl's ghost (weakling DgFE)
  1111 | D:3      | Noticed bmj180's ghost (amateur HOFi)
  1167 | D:3      | Reached skill level 8 in Earth Magic
  1215 | D:3      | Found a faded altar of an unknown god.
  1248 | D:4      | Found a runed translucent gate.
  1250 | D:4      | Found a runed translucent gate.
  1273 | D:4      | Found a stormy altar of Qazlal.
  1279 | D:4      | Found a glowing silver altar of Zin.
  1315 | D:4      | Found an iron altar of Okawaru.
  1374 | D:4      | Found a runed translucent gate.
  1383 | D:4      | Noticed funkygono's ghost (weakling GrFE)
  1423 | D:4      | Noticed an ogre
  1429 | D:4      | Killed an ogre
  1430 | D:4      | Reached skill level 9 in Earth Magic
  1430 | D:4      | Reached XP level 6. HP: 38/49 MP: 4/8
  1755 | D:5      | Entered Level 5 of the Dungeon
  1755 | D:5      | Noticed a sky beast
  1761 | D:5      | Killed a sky beast
  1762 | D:5      | Reached skill level 10 in Earth Magic
  1768 | D:5      | Noticed a sky beast
  1780 | D:5      | Killed a sky beast
  1781 | D:5      | Reached XP level 7. HP: 32/55 MP: 3/9
  1910 | D:5      | Reached skill level 2 in Spellcasting
  1912 | D:5      | Identified 2 potions of resistance
  1939 | D:5      | Reached skill level 11 in Earth Magic
  1959 | D:5      | Found a sacrificial altar of Ru.
  2111 | D:6      | Reached skill level 3 in Spellcasting
  2135 | D:6      | Noticed a hornet
  2143 | D:6      | Reached XP level 8. HP: 34/62 MP: 5/13
  2158 | D:6      | Killed a hornet
  2159 | D:6      | Reached skill level 4 in Spellcasting
  2159 | D:6      | Reached skill level 12 in Earth Magic
  2188 | D:6      | Found a bloodstained altar of Trog.
  2192 | D:6      | HP: 6/62 [gnoll (13)]
  2192 | D:6      | HP: 2/62 [gnoll (4)]
  2192 | D:6      | Slain by a gnoll

Vanquished Creatures
  A hornet (D:6)
  2 sky beasts (D:5)
  3 ogres
  A kobold brigand (D:3)
  A bullfrog (D:6)
  A water moccasin skeleton (D:5)
  A howler monkey (D:4)
  3 hounds
  A centaur skeleton (D:6)
  A bullfrog skeleton (D:6)
  3 iguanas
  An orc wizard (D:6)
  A hound skeleton (D:5)
  A howler monkey skeleton (D:4)
  8 adders
  A worm (D:3)
  A dart slug (D:3)
  7 orcs
  4 bats
  6 endoplasms
  4 giant cockroaches
  6 goblins
  5 hobgoblins
  10 jackals
  4 quokkas
  5 ball pythons
  3 frilled lizards
  4 kobolds
  6 rats
95 creatures vanquished.

Vanquished Creatures (others)
  A fungus (D:5)
  15 plants (D:3)
16 creatures vanquished.

Grand Total: 111 creatures vanquished

Table legend: (Time is in decaauts)
 A = Elapsed time spent in this place.
 B = Non-inter-level travel time spent in this place.
 C = Inter-level travel time spent in this place.
 D = Time resting spent in this place.
 E = Time spent auto-exploring this place.
 F = Levels seen in this place.
 G = Mean time per level.
                   A        B        C        D        E       F      G
               +--------+--------+--------+--------+--------+-----+--------+
         Total |   2188 |   2120 |     68 |      0 |      0 |   6 |  364.7 |
       Dungeon |   2188 |   2120 |     68 |      0 |      0 |   6 |  364.7 |
               +--------+--------+--------+--------+--------+-----+--------+

Top non-repeatable levels by time:
     D:4: 519 daAuts
     D:3: 470 daAuts
     D:1: 409 daAuts
     D:2: 354 daAuts
     D:5: 351 daAuts
     D:6: 83 daAuts

Table legend:
 A = Non-vault XP
 B = Vault XP
 C = Vault XP percentage of total XP
 D = Non-vault monster count
 E = Vault monster count
 F = Vault count percentage of total count
                 A         B        C        D         E       F
            +---------+---------+-------+---------+---------+-------
      Total |    1725 |     121 |   6.6 |      90 |       5 |   5.3
            +---------+---------+-------+---------+---------+-------
        D:1 |      36 |       0 |   0.0 |      21 |       0 |   0.0
        D:2 |      30 |      17 |  36.2 |      10 |       4 |  28.6
        D:3 |      74 |     104 |  58.4 |      21 |       1 |   4.5
        D:4 |     298 |       0 |   0.0 |      15 |       0 |   0.0
        D:5 |     612 |       0 |   0.0 |      11 |       0 |   0.0
        D:6 |     675 |       0 |   0.0 |      12 |       0 |   0.0
            +---------+---------+-------+---------+---------+-------
